 Dungeon Crawl Stone Soup version 0.23-a0-484-g29ba69c (webtiles) character file.

460 Lanoc the Slasher (level 6, -3/56 HPs)
             Began as a Minotaur Monk on Nov 30, 2018.
             Was a Believer of Wu Jian.
             Killed by divine providence
             ... invoked by an orc priest
              (14 damage)
             ... on level 4 of the Dungeon.
             The game lasted 00:08:06 (3017 turns).

Lanoc the Slasher (Minotaur Monk)                   Turns: 3017, Time: 00:08:07

Health: -3/56      AC:  3    Str: 18    XL:     6   Next: 78%
Magic:  5/5        EV: 14    Int:  7    God:    Wu Jian [**....]
Gold:   225        SH:  0    Dex: 12    Spells: 5/5 levels left

rFire    . . .     SeeInvis .   u - +0 long sword
rCold    . . .     Gourm    .   (no shield)
rNeg     . . .     Faith    .   b - +0 robe
rPois    .         Spirit   .   (helmet restricted)
rElec    .         Reflect  .   (no cloak)
rCorr    .         Harm     .   p - +0 pair of gloves
MR       .....                  (no boots)
Stlth    ++........             (no amulet)
HPRegen  0.18/turn              (no ring)
MPRegen  0.09/turn              (no ring)

@: no status effects
A: retaliatory headbutt, horns 2
a: Wall Jump, Renounce Religion


You were on level 4 of the Dungeon.
You worshipped Wu Jian.
Wu Jian was pleased with you.
You were not hungry.

You visited 2 branches of the dungeon, and saw 5 of its levels.

You collected 225 gold pieces.

Inventory:

Hand Weapons
 a - a +0 falchion
 u - a +0 long sword (weapon)
Missiles
 e - 119 sling bullets
 h - 43 arrows
 m - 28 bolts
 q - 4 javelins of returning (quivered)
Armour
 b - a +0 robe (worn)
 p - a +0 pair of gloves (worn)
Wands
 r - a wand of random effects (16)
Scrolls
 d - a scroll of magic mapping {unknown}
 f - a scroll of enchant armour {unknown}
 i - 2 scrolls of amnesia {unknown}
 k - 4 scrolls of identify {unknown}
 l - 4 scrolls of remove curse {unknown}
 n - a scroll of fog {unknown}
Potions
 g - a potion of resistance {unknown}
 j - a potion of cancellation {unknown}
 o - a potion of degeneration {unknown}
 s - a potion of agility {unknown}
 t - 2 potions of curing
Comestibles
 c - 8 rations


   Skills:
 + Level 5.5 Fighting
 + Level 5.6 Long Blades
 + Level 5.1 Dodging
 + Level 3.5 Stealth


You had 5 spell levels left.
You didn't know any spells.
Your spell library contained the following spells:

 Spells                   Type           Power        Failure   Level  Hunger
 Corona                   Hex            #......      43%         1    ##.....
 Ensorcelled Hibernation  Hex/Ice        #.....       56%         2    ###....
 Confuse                  Hex            #.......     80%         3    ####...
 Dazzling Spray           Conj/Hex       #.....       80%         3    ####...
 Tukima's Dance           Hex            #.......     80%         3    ####...


Dungeon Overview and Level Annotations

Branches:
Dungeon (4/15)             Temple (1/1) D:4

Altars:
Ashenzari
Cheibriados
Fedhas
Gozag
Kikubaaqudgha
Makhleb
Nemelex Xobeh
Okawaru
Qazlal
Trog
Wu Jian


Innate Abilities, Weirdness & Mutations

You reflexively headbutt those who attack you in melee.
You have a pair of horns on your head.


Message History

The orc barely misses you. You furiously retaliate!
You headbutt the orc, but do no damage. You hit the orc but do no damage.
The orc hits you from afar with a +0 trident.
* * * LOW HITPOINT WARNING * * *
The orc priest hits you but does no damage.
The orc completely misses you.
You riposte.
You barely miss the orc. The orc barely misses you.
You spin and attack the orc.
You barely miss the orc. The orc misses you.
You see here a +0 mace.
You closely miss the orc priest. The orc misses you.
The orc priest casts a cantrip, but nothing happens.
You slash the orc priest!
The orc priest is severely wounded.
The orc hits you with a +0 trident.
* * * LOW HITPOINT WARNING * * *
The orc misses you.
The orc priest mumbles some strange prayers to Beogh against you.
Beogh smites you!
You die...

#.........#
#.#
#.........#
#.#
####.######
#.# ##.# #.#
#######..###
#.#
#..........#
#.#
#..........#
#....o.....#
#...@o.....#
#....o.......
#...$......#).
#..........###
#..........#
#.<...######
#....## ######


You could see an orc priest and 2 orcs.

Vanquished Creatures
  Sigmund (D:4)
  2 orc wizards (D:4)
  An orc priest (D:4)
  A bullfrog skeleton (D:4)
  An iguana (D:4)
  A worker ant (D:4)
  4 adders
  An ooze (D:3)
  3 worms
  A dart slug (D:3)
  A leopard gecko (D:1)
  11 orcs
  4 ball pythons
  4 bats
  4 giant cockroaches
  4 goblins
  9 hobgoblins
  7 jackals
  6 kobolds
  2 quokkas (D:2)
  5 frilled lizards
  A leopard gecko skeleton (D:4)
  5 rats
79 creatures vanquished.

Notes
Turn   | Place    | Note
-------+----------+-------------------------------------------
     0 | D:1      | Lanoc the Minotaur Monk began the quest for the Orb.
     0 | D:1      | Reached XP level 1. HP: 19/19 MP: 0/0
   175 | D:1      | Reached XP level 2. HP: 18/27 MP: 1/1
   596 | D:2      | Reached XP level 3. HP: 15/33 MP: 2/2
  1109 | D:2      | Found a blossoming altar of Fedhas.
  1201 | D:2      | Reached XP level 4. HP: 22/40 MP: 3/3
  2436 | D:4      | Reached XP level 5. HP: 46/47 MP: 4/4
  2473 | D:4      | Noticed Sigmund
  2485 | D:4      | Killed Sigmund
  2485 | D:4      | Reached skill level 5 in Fighting
  2485 | D:4      | Reached skill level 5 in Long Blades
  2485 | D:4      | Reached XP level 6. HP: 52/56 MP: 5/5
  2506 | D:4      | Found a staircase to the Ecumenical Temple.
  2544 | Temple   | Entered the Ecumenical Temple
  2638 | Temple   | Became a worshipper of the Wu Jian Council
  2638 | Temple   | Reached * piety under Wu Jian
  2638 | Temple   | Reached ** piety under Wu Jian
  2717 | D:4      | Reached skill level 5 in Dodging
  3017 | D:4      | Killed from afar by an orc priest

Vault maps used:
D:1:      grunt_arrival_crossed_arrows, serial_forest,
          infiniplex_forest_clump_large, infiniplex_forest_clump_long,
          infiniplex_forest_clump_small, infiniplex_forest_corner_2,
          infiniplex_forest_straight_2
D:2:      fedhas_altar_1
D:4:      gammafunk_temple_overflow_pools, minmay_temple_entry_slanted,
          first_ration, uniq_eustachio, uniq_sigmund
Temple:   eino_temple_lava

Skill      XL: |  1  2  3  4  5  6 |
---------------+-------------------+-----
Fighting       | 4 5 |  5.5
Long Blades    | 4 5 |  5.6
Stealth        | 2 3 |  3.5
Dodging        | 4 5 |  5.1

Action                   |  1- 3 |  4- 6 || total
-------------------------+-------+-------++-------
Melee: Falchion          |    69 |    62 ||   131
       Headbutt          |    12 |    16 ||    28
       Long sword        |       |    44 ||    44
Invok: Lunge             |       |     2 ||     2
       Whirlwind         |       |     1 ||     1
  Use: Potion            |     1 |       ||     1
 Stab: Sleeping          |     4 |     4 ||     8
       Distracted        |       |     1 ||     1
  Eat: Chunk             |     1 |     6 ||     7
Armor: Robe              |     4 |    18 ||    22
Dodge: Dodged            |    40 |    82 ||   122
       Rpst.: Falchion   |     9 |    16 ||    25
       Long sword        |       |     7 ||     7

Table legend:
 A = Non-vault XP
 B = Vault XP
 C = Vault XP percentage of total XP
 D = Non-vault monster count
 E = Vault monster count
 F = Vault count percentage of total count
                 A         B        C        D         E       F
            +---------+---------+-------+---------+---------+-------
      Total |     427 |     231 |  35.1 |      78 |       1 |   1.3
            +---------+---------+-------+---------+---------+-------
        D:1 |      29 |       0 |   0.0 |      16 |       0 |   0.0
        D:2 |      70 |       0 |   0.0 |      17 |       0 |   0.0
        D:3 |      62 |       0 |   0.0 |      26 |       0 |   0.0
        D:4 |     266 |     231 |  46.5 |      19 |       1 |   5.0
            +---------+---------+-------+---------+---------+-------
